 Dungeon Crawl Stone Soup version 0.29-a0-23-ga79f92ac9c (webtiles) character file.

Game seed: 15020378139067240071

653 polve the Agent of Entropy (level 7, -4/52 HPs)
             Began as a Demonspawn Abyssal Knight on Jan 30, 2022.
             Was a Priest of Lugonu.
             Slain by a gnoll (5 damage)
             ... on level 5 of the Dungeon.
             The game lasted 00:04:22 (4223 turns).

polve the Agent of Entropy (DsAK)                   Turns: 4223, Time: 00:04:22

Health: -4/52      AC: 14    Str: 14 (15) XL:     7   Next: 29%
Magic:  12/12      EV:  6    Int:  9 (12) God:    Lugonu [***...]
Gold:   183        SH:  0    Dex: 12 (15) Spells: 6/6 levels left

rFire   + . .      SeeInvis +     - Unarmed
rCold   . . .      Faith    .   (no shield)
rNeg    . . .      Spirit   .   l - +0 chain mail
rPois   .          Reflect  .   m - +1 helmet {SInv}
rElec   .          Harm     .   (no cloak)
rCorr   .          Rampage  .   (gloves unavailable)
Will    .....                   (no boots)
Stlth   ..........              (no amulet)
HPRegen 0.17/turn               j - ring of protection from fire
MPRegen 0.13/turn               f - +4 ring of protection

@: lit by a corona, glowing
A: claws 3, thin skeletal structure 1, powered by death 1
a: Renounce Religion, Depart the Abyss, Bend Space, Banish


You were on level 5 of the Dungeon.
You worshipped Lugonu.
Lugonu was most pleased with you.
You visited 1 branch of the dungeon, and saw 4 of its levels.
You visited the Abyss 1 time.

You collected 183 gold pieces.

Inventory:

Hand Weapons
 a - a +0 dagger of venom
Armour
 l - a +0 chain mail (worn)
 m - a +1 helmet of see invisible (worn)
Jewellery
 f - a +4 ring of protection (right claw)
 j - a ring of protection from fire (left claw)
 n - a ring of willpower
Wands
 q - a wand of flame (14)
Scrolls
 b - a scroll of immolation {unknown}
 c - a scroll of magic mapping {unknown}
 d - a scroll of fog {unknown}
 e - 7 scrolls of identify {unknown}
 g - 2 scrolls of vulnerability {unknown}
 h - a scroll of enchant weapon {unknown}
 i - a scroll of noise {unknown}
 k - a scroll of blinking {unknown}
Potions
 o - a potion of cancellation {unknown}
 p - a potion of heal wounds {unknown}


   Skills:
 - Level 3.0 Fighting
 - Level 4.0 Short Blades
 - Level 1.7 Armour
 - Level 0.8 Dodging
 - Level 4.0 Unarmed Combat
 + Level 7.1 Invocations


You had 6 spell levels left.
You didn't know any spells.
Your spell library contained the following spells:

 Spells                   Type           Power      Damage    Failure   Level
 Ensorcelled Hibernation  Hex/Ice        0%         N/A       100%        2
 Passwall                 Tmut/Erth      0%         N/A       100%        2
 Dazzling Flash           Conj/Hex       0%         N/A       100%        3
 Swiftness                Air            0%         N/A       100%        3
 Iskenderun's Mystic Bla  Conj/Tloc      0%         2d3       100%        4
 Starburst                Conj/Fire      0%         6d3       100%        6


Dungeon Overview and Level Annotations

Branches:
Dungeon (3/15)

Altars:
Makhleb


Innate Abilities, Weirdness & Mutations

You have claws for hands.
You have a somewhat thin skeletal structure. (Dex +2, Stealth+)
You regenerate a little health from kills.


Message History

You are too injured to fight recklessly!
You are too injured to fight recklessly!
You are too injured to fight recklessly!
You are too injured to fight recklessly!
You are too injured to fight recklessly!
You are too injured to fight recklessly!
You are too injured to fight recklessly!
You are too injured to fight recklessly!
You scratch the gnoll shaman.
The gnoll shaman is lightly wounded.
The gnoll shaman hits you with a +0 whip!
The gnoll hits you with a +0 halberd!
You claw the gnoll shaman!
The gnoll shaman is severely wounded.
The gnoll shaman mumbles some strange prayers to its god against you.
You resist with some effort.
You are too injured to fight recklessly!
You are too injured to fight recklessly!
You closely miss the gnoll shaman.
The gnoll shaman is severely wounded.
The gnoll hits you with a +0 halberd!
* * * LOW HITPOINT WARNING * * *
The gnoll shaman calls upon its god to speed up the gnoll.
The gnoll seems to speed up.
You closely miss the gnoll shaman.
The gnoll shaman is severely wounded.
The gnoll hits you with a +0 halberd.
* * * LOW HITPOINT WARNING * * *
The gnoll shaman hits you but does no damage.
You closely miss the gnoll shaman.
The gnoll shaman is severely wounded.
The gnoll hits you with a +0 halberd!
* * * LOW HITPOINT WARNING * * *
The gnoll shaman calls down the wrath of its god upon you.
You are outlined in light.
It was a potion of degeneration.
There was something very wrong with that liquid.
You feel weakened.
You feel dopey.
You feel clumsy. The gnoll hits you with a +0 halberd.
You die...

....# #(#######
........# #.#####.# #.#
#.# # #.# #.# #######
##.# #.# #.#
##..........#
#.#####.####.[.###...#
..#>............@gg..#
###.###.####...##g....#
..............##
......# ###..##.#######
....... ........#
......# ###..##.#
.....## .....##.#
#...## ....###.# ####
##### #.#


You could see a gnoll shaman and 2 gnolls.

Vanquished Creatures
  An ice beast (D:5)
  3 ogres
  A centaur zombie (D:5)
  An iguana (D:5)
  2 scorpion zombies (D:5)
  Robin (D:3)
  9 gnolls
  4 dart slugs
  An orc (D:5)
  3 ball pythons (D:2)
  2 bats (D:2)
  5 endoplasms (D:1)
  2 giant cockroaches
  15 goblins
  11 hobgoblins
  18 jackals
  3 kobolds
  3 quokkas (D:1)
  5 frilled lizards
  5 rats
95 creatures vanquished.

Notes
Turn   | Place    | Note
-------+----------+-------------------------------------------
     0 | Abyss:1  | polve the Demonspawn Abyssal Knight began the quest for the
                  | Orb.
     0 | Abyss:1  | Reached XP level 1. HP: 18/18 MP: 2/2
   205 | Abyss:1  | Found a corrupted altar of Lugonu.
   255 | Abyss:1  | Noticed a flying skull
   255 | Abyss:1  | Noticed a flying skull
   256 | D:1      | Escaped the Abyss
   359 | D:1      | Reached * piety under Lugonu
   371 | D:1      | Gained mutation: You regenerate a little health from kills.
                  | [demonic ancestry]
   371 | D:1      | Reached XP level 2. HP: 13/24 MP: 3/3
   608 | D:1      | Gained mutation: You have sharp fingernails. [demonic
                  | ancestry]
   608 | D:1      | Reached XP level 3. HP: 29/29 MP: 4/4
  1307 | D:2      | Gained mutation: You have very sharp fingernails. [demonic
                  | ancestry]
  1307 | D:2      | Reached XP level 4. HP: 13/35 MP: 5/5
  1313 | D:2      | Reached ** piety under Lugonu
  1601 | D:2      | Reached skill level 1 in Unarmed Combat
  2028 | D:2      | Found a faded altar of an unknown god.
  2337 | D:2      | Gained mutation: You have claws for hands. [demonic
                  | ancestry]
  2337 | D:2      | Reached XP level 5. HP: 18/41 MP: 6/6
  2971 | D:3      | Noticed an ogre
  2974 | D:3      | Noticed Robin
  2994 | D:2      | Killed an ogre
  3159 | D:3      | Found a burning altar of Makhleb.
  3271 | D:3      | Killed Robin
  3368 | D:3      | You fall into a shaft and drop 2 floors!
  3368 | D:5      | Entered Level 5 of the Dungeon
  3397 | D:5      | Gained mutation: You have a somewhat thin skeletal
                  | structure. (Dex +2, Stealth+) [demonic ancestry]
  3397 | D:5      | Reached XP level 6. HP: 41/47 MP: 6/8
  3441 | D:5      | Reached skill level 3 in Invocations
  3463 | D:5      | Noticed an ice beast
  3472 | D:5      | Killed an ice beast
  3473 | D:5      | Reached skill level 4 in Invocations
  3494 | D:5      | Reached skill level 5 in Invocations
  3694 | D:5      | Reached skill level 6 in Invocations
  3694 | D:5      | Reached XP level 7. HP: 24/52 MP: 11/11
  3840 | D:5      | Reached *** piety under Lugonu
  4212 | D:5      | Reached skill level 7 in Invocations
  4222 | D:5      | HP: 1/52 [gnoll (11)]
  4223 | D:5      | Slain by a gnoll

Illustrated notes

Levels and vault maps discovered:
D:1:      dpeg_arrival_renting, layout_rooms, minmay_hexomino_c4
D:2:      layout_loops_ring, hellmonk_ecumenical_altar_crossroads,
          minmay_pentomino_pile
D:3:      layout_basic, mainiacjoe_overflow_paths,
          chequers_serial_rivers_micro_c, chequers_serial_rivers_micro_b,
          uniq_crazy_yiuf_cottage, uniq_robin
D:5:      layout_loops_ring

Skill      XL: |  1  2  3  4  5  6  7 |
---------------+----------------------+-----
Short Blades   | 2 3 4 |  4.0
Unarmed Combat | 2 4 |  4.0
Invocations    | 6 7 |  7.1
Fighting       | |  3.0
Armour         | |  1.7
Dodging        | |  0.8

Action                   |  1- 3 |  4- 6 |  7- 9 || total
-------------------------+-------+-------+-------++-------
Melee: Short sword       |    53 |       |       ||    53
       Dagger            |    85 |    64 |       ||   149
       Punch             |       |     5 |     1 ||     6
       Unarmed           |       |    74 |    43 ||   117
Invok: Depart the Abyss  |     1 |       |       ||     1
       Bend Space        |       |     1 |       ||     1
  Use: Potion            |       |     1 |     1 ||     2
Armor: Leather armour    |    34 |     8 |       ||    42
       Chain mail        |       |    56 |    27 ||    83
Dodge: Dodged            |    87 |    60 |    15 ||   162

Table legend: (Time is in decaauts)
 A = Elapsed time spent in this place.
 B = Non-inter-level travel time spent in this place.
 C = Inter-level travel time spent in this place.
 D = Time resting spent in this place.
 E = Time spent auto-exploring this place.
 F = Levels seen in this place.
 G = Mean time per level.
                   A        B        C        D        E       F      G
               +--------+--------+--------+--------+--------+-----+--------+
         Total |   4166 |   4065 |    101 |    134 |   3255 |   5 |  833.2 |
       Dungeon |   3910 |   3809 |    101 |    134 |   3001 |   4 |  977.5 |
         Abyss |    256 |    256 |      0 |      0 |    254 |   1 |  256.0 |
               +--------+--------+--------+--------+--------+-----+--------+

Top non-repeatable levels by time:
     D:2: 1590 daAuts
     D:1: 1252 daAuts
     D:5: 849 daAuts
 Abyss:1: 256 daAuts
     D:3: 218 daAuts
